 Dungeon Crawl Stone Soup version 0.23.1 (webtiles) character file.

Game seed: 13313699147810622368

183 Borgoz the Cutter (level 5, -2/38 HPs)
             Began as a Ghoul Enchanter on Mar 14, 2019.
             Killed from afar by an orc wizard (10 damage)
             ... with a magic dart
             ... on level 2 of the Dungeon.
             The game lasted 00:04:10 (1610 turns).

Borgoz the Cutter (Ghoul Enchanter)                 Turns: 1610, Time: 00:04:11

Health: -2/38      AC:  3    Str: 12    XL:     5   Next: 62%
Magic:  3/6        EV: 12    Int: 10    God:
Gold:   121        SH:  0    Dex: 10    Spells: 4/7 levels left

rFire    . . .     SeeInvis .   a - +1 dagger
rCold    + . .     Gourm    .   (no shield)
rNeg     + + +     Faith    .   b - +0 robe
rPois    ∞         Spirit   .   (no helmet)
rElec    .         Reflect  .   (no cloak)
rCorr    .         Harm     .   f - +0 pair of gloves
MR       .....                  (no boots)
Stlth    ++........             (no amulet)
HPRegen  0.00/turn              (no ring)
MPRegen  0.10/turn              (no ring)

@: rotting
A: rotting body, claws 1, carnivore, cold resistance 1, negative energy
resistance 3, inhibited regeneration, torment resistance, unbreathing
a: no special abilities


You were on level 2 of the Dungeon.
You were not hungry.

You visited 1 branch of the dungeon, and saw 3 of its levels.

You collected 121 gold pieces.

Inventory:

Hand Weapons
 a - a +1 dagger (weapon)
Armour
 b - a +0 robe (worn)
 f - a +0 pair of gloves (worn)
 m - a +0 ring mail
Wands
 k - a wand of enslavement (8)
Scrolls
 g - 2 scrolls of fog
Potions
 h - a potion of degeneration
Comestibles
 d - 3 rations


   Skills:
 * Level 3.4 Short Blades
 + Level 2.1 Armour
 + Level 2.9 Dodging
 - Level 3.2 Stealth
 - Level 1.7 Spellcasting
 - Level 2.4 Hexes


You had 4 spell levels left.
You knew the following spells:

 Your Spells              Type           Power        Failure   Level  Hunger
a - Corona                Hex            #......      12%         1    ##.....
b - Ensorcelled Hibernat  Hex/Ice        #.....       30%         2    ###....

Your spell library contained the following spells:

 Spells                   Type           Power        Failure   Level  Hunger
 Confuse                  Hex            #.......     34%         3    ####...
 Tukima's Dance           Hex            #.......     34%         3    ####...
 Dazzling Spray           Conj/Hex       #.....       52%         3    ####...


Dungeon Overview and Level Annotations

Branches:
Dungeon (3/15)

Altars:


Innate Abilities, Weirdness & Mutations

Your body is rotting away.
You thrive on raw meat.
You are immune to poison.
You have sharp fingernails.
You are carnivorous and can eat meat at any time.
Your flesh is cold resistant. (rC+)
You are immune to negative energy. (rN+++)
You do not regenerate when monsters are visible.
You are immune to unholy pain and torment.
You can survive without breathing.


Message History

The orc is moderately wounded.
You completely miss something. You hit something. Something hits you.
You barely miss something. Something hits you.
* * * LOW HITPOINT WARNING * * *
Something hits you but does no damage.
Okay, then.
Okay, then.
Okay, then.
Aiming: Enslavement
Press: ? - help, Shift-Dir - straight line, f - orc
Aim: an orc (moderately wounded, chance to defeat MR: 63%) Nothing appears to happen.
Something hits you but does no damage.
You hit something but do no damage. Something hits you.
* * * LOW HITPOINT WARNING * * *
You hit something but do no damage.
You hear some strange, mumbled words.
A magic dart appears from out of thin air!
The magic dart hits you!
You die...

.§§§+ .... #######§§§#
##.. #§..§§.§§# #..
#§§....§§# #.. #......§.#
#.. +.......§# #..
#........# #..
#.####$.......# #..
#.#.@)o.####### #..
#.#.##..# ###
#####.#.##..#
#.....#.##..# ######
#.....#.##..##### #.....
#.....#.##......####.....
#....>...................
#..).##.###.###.###...###
#....##.# .# # #....#


You could see an orc.

Vanquished Creatures
  An orc priest (D:2)
  Natasha (D:3)
  3 orc wizards (D:3)
  An adder (D:2)
  An ooze (D:2)
  2 orcs (D:3)
  6 bats
  5 goblins
  A hobgoblin (D:2)
  3 jackals
  4 kobolds (D:1)
  A quokka (D:2)
  A frilled lizard (D:2)
  3 rats (D:1)
33 creatures vanquished.

Notes
Turn   | Place    | Note
-------+----------+-------------------------------------------
     0 | D:1      | Borgoz the Ghoul Enchanter began the quest for the Orb.
     0 | D:1      | Reached XP level 1. HP: 14/14 MP: 2/2
    33 | D:1      | Reached skill level 1 in Short Blades
   254 | D:1      | Reached XP level 2. HP: 19/20 MP: 1/3
   875 | D:2      | Learned a level 2 spell: Ensorcelled Hibernation
  1013 | D:2      | Reached skill level 1 in Armour
  1013 | D:2      | Reached XP level 3. HP: 25/26 MP: 4/4
  1023 | D:3      | Reached XP level 4. HP: 33/33 MP: 5/5
  1031 | D:3      | Reached XP level 5. HP: 38/38 MP: 6/6
  1078 | D:3      | Noticed Natasha
  1242 | D:3      | Killed Natasha
  1610 | D:2      | Killed from afar by an orc wizard

Skill      XL: |  1  2  3  4  5 |
---------------+----------------+-----
Short Blades   | 1 2 3 |  3.4
Dodging        | 2 |  2.9
Armour         | 1 2 |  2.1
Stealth        | |  3.2
Spellcasting   | |  1.7
Hexes          | |  2.4

Action                   |  1- 3 |  4- 6 || total
-------------------------+-------+-------++-------
Melee: Dagger            |   108 |    69 ||   177
 Cast: Corona            |     1 |       ||     1
       Ensorcelled Hiber |       |     6 ||     6
Evoke: Wand              |       |     1 ||     1
  Use: Scroll            |       |     3 ||     3
       Potion            |       |     2 ||     2
 Stab: Sleeping          |     3 |     5 ||     8
  Eat: Chunk             |     7 |     5 ||    12
Armor: Robe              |    29 |    18 ||    47
Dodge: Dodged            |    79 |    63 ||   142
